 Dungeon Crawl Stone Soup version 0.25-a0-404-gc1b5a34292 (webtiles) character file.

Game seed: 5837419201825901471, levelgen mode: deterministic

857 godzilla5595 the Chopper (level 7, -4/96 HPs)
             Began as a Deep Dwarf Berserker on Jan 10, 2020.
             Was a Priest of Trog.
             Slain by a slime creature (10 damage)
             ... on level 4 of the Dungeon on Jan 12, 2020.
             The game lasted 01:15:00 (6001 turns).

godzilla5595 the Chopper (Deep Dwarf Berserker)     Turns: 6001, Time: 01:15:01

Health: -4/96      AC: 15    Str: 32      XL:     7   Next: 70%
Magic:  4/4        EV:  8    Int:  7      God:    Trog [***...]
Gold:   256        SH: 10    Dex: 13 (15) Spells: 6/6 levels left

rFire    . . .     SeeInvis .   a - +1 hand axe
rCold    . . .     Gourm    .   c - +0 shield
rNeg     . . .     Faith    .   q - +0 chain mail
rPois    .         Spirit   .   o - +2 helmet
rElec    .         Reflect  .   (no cloak)
rCorr    .         Harm     .   s - +0 pair of gloves
MR       ++...     Rnd*Rage +   w - +0 pair of boots
Stlth    ..........             (no amulet)
HPRegen  0.00/turn              i - +4 ring of strength
MPRegen  0.09/turn              u - +3 ring of dexterity

@: mighty, berserking, about to teleport, non-regenerating, very quick
A: damage resistance, heal wounds, berserk 1, low mp 1, magic resistance 1,
sense surroundings 1, wild magic 1, no regeneration
a: Heal Wounds, Berserk, Trog's Hand, Renounce Religion


You were on level 4 of the Dungeon.
You worshipped Trog.
Trog was most pleased with you.
You were very hungry.

You visited 2 branches of the dungeon, and saw 6 of its levels.

You collected 256 gold pieces.

Inventory:

Hand Weapons
 a - a +1 hand axe (weapon)
 h - a +2 dagger of flaming
Missiles
 b - 18 poisoned darts (quivered)
 d - 40 arrows
 e - 83 stones
 k - 2 boomerangs
 v - 16 bolts
Armour
 c - a +0 shield (worn)
 n - a +1 scale mail
 o - a +2 helmet (worn)
 q - a +0 chain mail (worn)
 s - a +0 pair of gloves (worn)
 w - a +0 pair of boots (worn)
Magical Staves
 t - an uncursed staff of wizardry {unknown}
Jewellery
 i - a +4 ring of strength (left hand)
 p - an uncursed ring of wizardry
 r - an uncursed ring of protection from cold
 u - a +3 ring of dexterity (right hand)
Scrolls
 j - 3 scrolls of teleportation
 m - 4 scrolls of remove curse
Potions
 f - a potion of haste
 l - a potion of might
Comestibles
 g - 6 rations


   Skills:
 + Level 4.1 Fighting
 + Level 6.7 Axes
   Level 0.1(3.3) Polearms
 + Level 5.0 Armour
 + Level 3.7 Dodging
 + Level 0.4 Stealth
 + Level 3.0 Shields


You had 6 spell levels left.
You didn't know any spells.
Your spell library contained the following spells:

 Spells                   Type           Power        Failure   Level  Hunger
 Magic Dart               Conj           #...         100%        1    ##.....
 Blink                    Tloc           N/A          100%        2    ###....
 Call Imp                 Summ           #.......     100%        2    ###....
 Slow                     Hex            #.......     100%        2    ###....
 Conjure Flame            Conj/Fire      #.......     100%        3    ####...
 Mephitic Cloud           Conj/Pois/Air  #.......     100%        3    ####...


Dungeon Overview and Level Annotations

Branches:
Dungeon (5/15)             Temple (1/1) D:5

Altars:
Ashenzari
Cheibriados
Elyvilon
Fedhas
Gozag
Hepliaklqana
Kikubaaqudgha
Makhleb
Nemelex Xobeh
Okawaru
Qazlal
Ru
Sif Muna
Trog
Uskayaw
Vehumet
Wu Jian
Yredelemnul
Zin
The Shining One


Innate Abilities, Weirdness & Mutations

You are resistant to damage.
You can heal yourself by infusing magical energy.
You passively map a small area around you.
You do not regenerate.
You tend to lose your temper in combat.
Your magical capacity is low. (-10% MP)
You are resistant to hostile enchantments. (MR+)
Your spells are a little harder to cast, but a little more powerful.


Message History

There is a stone staircase leading up here.
The large slime creature hits you!
* * * LOW HITPOINT WARNING * * *
You climb upwards.
There is a stone staircase leading down here.
As you read the scroll of teleportation, it crumbles to dust.
You feel strangely unstable.
A large slime creature splits.
You feel very mighty all of a sudden.
The slime creature closely misses you. x2
A red film seems to cover your vision as you go berserk!
You feel yourself moving faster!
You feel mighty!
You are feeling very hungry.
The slime creature hits you.
The slime creature hits you but does no damage.
You completely miss the slime creature. You slash the slime creature!
The slime creature hits you but does no damage.
You slash the slime creature!
The slime creature is moderately wounded.
You hit the slime creature. The slime creature hits you!
You die...

#.......##.....#
#.#.# #.#
#.......##.....#
#.#.###.#
#.......##.....#
#.#.....#
##....#........#
#......##
#....#.####.###
#####.##
#.####.####.#
#......#
#........##.#
#.###..#
######.#.##.####
#.##...# #.#.#...J@#
#.##.#.# #......##J#
#.##.#.#
###.#.###.###......#
#.#.#..........###
#.....#.########
###.....# #######


You could see 2 slime creatures.

Vanquished Creatures
  An orc warrior (D:5)
  A sky beast (D:3)
  2 big kobolds (D:5)
  A crimson imp (D:5)
  A bullfrog zombie (D:5)
  A hound (D:5)
  2 jellies (D:5)
  2 orc wizards
  An orc priest (D:5)
  2 bullfrog skeletons
  2 worker ants
  5 adders
  3 oozes (D:5)
  2 worms (D:2)
  2 dart slugs
  4 leopard geckos
  19 orcs
  2 ball pythons (D:3)
  4 giant cockroaches
  9 goblins
  9 hobgoblins
  A quokka (D:5)
  9 bats
  4 frilled lizards
  7 kobolds
  12 rats
  A fungus (D:5)
109 creatures vanquished.

Vanquished Creatures (others)
  3 fungi (D:5)
  7 toadstools (D:5)
10 creatures vanquished.

Grand Total: 119 creatures vanquished

Notes
Turn   | Place    | Note
-------+----------+-------------------------------------------
     0 | D:1      | godzilla5595 the Deep Dwarf Berserker began the quest for
                  | the Orb.
     0 | D:1      | Reached XP level 1. HP: 20/20 MP: 1/1
   112 | D:1      | Reached XP level 2. HP: 17/27 MP: 2/2
  1429 | D:2      | Reached XP level 3. HP: 28/34 MP: 3/3
  1693 | D:2      | Reached ** piety under Trog
  1768 | D:2      | Reached XP level 4. HP: 38/42 MP: 4/4
  1858 | D:2      | Gained mutation: You are resistant to hostile enchantments.
                  | (MR+) [potion of mutation]
  1858 | D:2      | Gained mutation: You tend to lose your temper in combat.
                  | [potion of mutation]
  1858 | D:2      | Gained mutation: Your magical capacity is low. (-10% MP)
                  | [potion of mutation]
  1858 | D:2      | Gained mutation: Your spells are a little harder to cast,
                  | but a little more powerful. [potion of mutation]
  2493 | D:3      | Noticed a sky beast
  2521 | D:3      | Killed a sky beast
  2521 | D:3      | Reached skill level 4 in Axes
  2521 | D:3      | Reached XP level 5. HP: 8/49 MP: 4/4
  3469 | D:4      | Found a shattered altar of Ashenzari.
  3736 | D:4      | Reached XP level 6. HP: 46/56 MP: 4/4
  3847 | D:4      | Reached skill level 5 in Axes
  4377 | D:5      | Entered Level 5 of the Dungeon
  4377 | D:5      | Noticed an orc warrior
  4386 | D:5      | Killed an orc warrior
  4386 | D:5      | Reached skill level 1 in Shields
  4402 | D:5      | Reached *** piety under Trog
  4406 | D:5      | Found a staircase to the Ecumenical Temple.
  4425 | D:5      | Found a radiant altar of Vehumet.
  4470 | D:5      | Found a blossoming altar of Fedhas.
  4651 | D:5      | Reached XP level 7. HP: 56/63 MP: 5/5
  4664 | Temple   | Entered the Ecumenical Temple
  4997 | D:5      | Reached skill level 6 in Axes
  5047 | D:5      | Found a snail-covered altar of Cheibriados.
  5731 | D:5      | Reached skill level 5 in Armour
  5811 | D:5      | Noticed a slime creature
  5812 | D:5      | Noticed a slime creature
  5812 | D:5      | Noticed a slime creature
  6001 | D:4      | Slain by a slime creature

Levels and vault maps discovered:
D:1:      dpeg_arrival_round_c, layout_loops_ring, minmay_tiny_reverse_x
D:2:      layout_basic
D:3:      layout_basic
D:4:      layout_loops_cross, ashenzari_conservatory_becter, first_ration
D:5:      cheibrodos_fertilizer, layout_basic, fiery_altar_vehumet,
          lemuel_round_altar, nicolae_overflow_hidden_temple, temple_statues
Temple:   minmay_temple_bridge_d

Skill      XL: |  1  2  3  4  5  6  7 |
---------------+----------------------+-----
Fighting       | 3 4 |  4.1
Armour         | 3 4 5 |  5.0
Axes           | 4 5 6 |  6.7
Dodging        | 3 |  3.7
Shields        | 2 3 |  3.0
Polearms       | |  0.1
Stealth        | |  0.4

Action                   |  1- 3 |  4- 6 |  7- 9 || total
-------------------------+-------+-------+-------++-------
Melee: Hand axe          |    76 |   200 |    88 ||   364
       Spear             |    40 |       |       ||    40
Invok: Berserk           |     2 |     4 |     3 ||     9
 Abil: Heal Wounds       |     1 |     4 |     5 ||    10
  Use: Scroll            |     5 |     4 |     4 ||    13
       Potion            |     2 |     4 |     1 ||     7
  Eat: Chunk             |     2 |     1 |       ||     3
       Ration            |     1 |     4 |     1 ||     6
Armor: Ring mail         |    25 |       |       ||    25
       Scale mail        |    18 |    21 |       ||    39
       Animal skin       |     1 |       |       ||     1
       Chain mail        |       |    64 |    53 ||   117
Dodge: Dodged            |    74 |    48 |    16 ||   138
Block: Shield            |    14 |    60 |    30 ||   104

Table legend:
 A = Non-vault XP
 B = Vault XP
 C = Vault XP percentage of total XP
 D = Non-vault monster count
 E = Vault monster count
 F = Vault count percentage of total count
                 A         B        C        D         E       F
            +---------+---------+-------+---------+---------+-------
      Total |     953 |     272 |  22.2 |      97 |      11 |  10.2
            +---------+---------+-------+---------+---------+-------
        D:1 |      36 |       2 |   5.3 |      23 |       2 |   8.0
        D:2 |      69 |       0 |   0.0 |      18 |       0 |   0.0
        D:3 |     216 |       0 |   0.0 |      21 |       0 |   0.0
        D:4 |     112 |       0 |   0.0 |      12 |       0 |   0.0
        D:5 |     520 |     270 |  34.2 |      23 |       9 |  28.1
            +---------+---------+-------+---------+---------+-------
